Map: Catalyst LE

Players

Zanster - Winner!

  • Race: Zerg Zerg
  • Spawn Location: 11:00

SortOf

  • Race: Zerg Zerg
  • Spawn Location: 5:00

Event: WCS Valencia 2018

VOD

Have the link to the VOD?

Description

Time

  • Played on: July 12, 2018, 7:07 a.m.
  • Length: 12:19

All games in this series

Show
View Real Time Build Order
Export as new Build Order

Zanster Zerg - Winner!

Build Orders: Hatch First, Zergling Baneling 

Get SALT Encoding   

  12  0:00  Drone  
  13  0:13  Overlord  
  13  0:17  Drone  
  14  0:31  Drone x2  
  16  0:50  Hatchery  
  16  0:51  Drone  
  16  0:55  Drone  
  17  0:58  Drone  
  18  1:10  Extractor  
  17  1:14  Spawning Pool  
  17  1:17  Drone  
  17  1:20  Drone  
  18  1:30  Drone  
  19  1:40  Drone  
  20  1:50  Overlord  
  20  2:02  Queen x2  
  20  2:03  Zergling x2  
  20  2:04  Zergling x2  
  26  2:10  Metabolic Boost  
  26  2:12  Drone x2  
  29  2:22  Drone  
  29  2:27  Drone  
  30  2:33  Zergling x2  
  31  2:37  Baneling Nest  
  31  2:38  Zergling x2  
  31  2:49  Hatchery  
  31  2:50  Drone  
  31  2:55  Overlord  
  31  2:57  Drone  
  32  3:00  Drone  
  32  3:14  Zergling x2  
  32  3:15  Zergling x8  
  32  3:18  Zergling x2  
  32  3:19  Zergling x2  
  39  3:23  Zergling x4  
  41  3:27  Overlord  
  41  3:28  Baneling  
  41  3:30  Baneling  
  41  3:35  Baneling  
  41  3:36  Baneling  
  41  3:39  Drone  
  41  3:40  Drone  
  43  3:45  Baneling x2  
  43  3:47  Drone  
  44  3:51  Overlord  
  44  4:00  Drone x6  
  47  4:08  Zergling x6  
  42  4:13  Queen  
  44  4:21  Zergling x2  
  44  4:22  Zergling x4  
  47  4:26  Zergling x4  
  47  4:27  Baneling x2  
  47  4:31  Baneling x2  
  48  4:36  Zergling x2  
  48  4:37  Zergling x10  
  54  4:42  Overlord  
  52  4:53  Baneling x3  
  52  4:54  Zergling x4  
  52  4:55  Zergling x6  
  52  4:59  Baneling  
  54  5:02  Zergling x4  
  54  5:04  Overlord  
  54  5:06  Extractor  
  55  5:08  Roach Warren  
  55  5:10  Baneling  
  54  5:20  Drone x5  
  54  5:21  Drone x4  
  63  5:28  Overlord  
  63  5:30  Evolution Chamber  
  61  5:41  Overlord  
  57  5:43  Drone  
  57  5:44  Drone x5  
  57  5:47  Overlord  
  58  5:52  Roach  
  58  5:53  Roach x2  
  63  5:57  Zerg Missile Weapons Level 1  
  63  6:05  Roach  
  63  6:06  Roach x2  
  63  6:09  Zergling x2  
  63  6:10  Zergling x6  
  73  6:14  Drone  
  73  6:15  Drone x3  
  73  6:16  Drone  
  73  6:17  Drone  
  72  6:36  Roach  
  72  6:37  Roach x5  
  79  6:42  Overlord  
  79  6:43  Queen  
  81  6:49  Drone x2  
  81  6:54  Drone x4  
  84  6:57  Extractor  
  84  6:59  Lair  
  86  7:02  Drone x4  
  86  7:05  Extractor  
  88  7:10  Drone  
  88  7:11  Overlord, Drone x3  
  88  7:12  Overlord  
  91  7:22  Overlord  
  90  7:28  Extractor  
  89  7:31  Roach x5  
  89  7:32  Overlord  
  89  7:36  Roach x2  
  103  7:38  Overlord, Hatchery  
  103  7:44  Drone x4  
  103  7:47  Extractor  
  103  7:48  Drone  
  108  7:51  Roach x3  
  108  7:53  Overlord  
  108  7:56  Zerg Missile Weapons Level 2, Glial Reconstitution  
  112  8:00  Overlord  
  114  8:05  Roach  
  114  8:06  Roach x3  
  120  8:13  Overlord, Unknown  
  120  8:17  Roach x5  
  120  8:18  Overlord  
  130  8:20  Overseer  
  130  8:25  Roach x2  
  130  8:27  Overlord  
  134  8:30  Roach x2  
  134  8:33  Roach x2  
  142  8:35  Roach  
  142  8:41  Roach x3  
  146  8:46  Roach x2  
  154  8:49  Roach  
  154  8:50  Roach  
  154  8:53  Roach x2  
  162  8:56  Overlord  
  162  8:59  Roach x2  
  162  9:01  Roach  
  168  9:04  Ravager x3  
  171  9:10  Roach x4  
  171  9:15  Unknown  
  179  9:21  Roach x6  
  191  9:27  Hydralisk Den, Drone x5  
  191  9:29  Extractor  
  194  9:38  Roach x3  
  158  10:00  Roach x16  
  158  10:05  Roach x2  
  174  10:09  Roach  
  166  10:16  Roach x3  
  168  10:27  Roach x4  
  166  10:30  Roach  
  161  10:37  Muscular Augments, Hydralisk x3  
  161  10:40  Overseer  
  167  10:43  Queen  
  167  10:44  Hydralisk x2  
  167  10:46  Hydralisk  
  177  10:50  Roach x2  
  179  10:57  Hatchery, Roach  
  179  10:58  Roach  
  179  11:02  Roach x5  
  192  11:08  Spine Crawler x2  
  192  11:09  Drone x2  
  192  11:10  Unknown x3  
  192  11:16  Drone x3  
  192  11:17  Drone  
  196  11:20  Hydralisk x2  
  199  11:31  Lurker Den  
  199  11:32  Infestation Pit  
  197  11:35  Overseer  
  197  11:40  Unknown x4  
  172  11:56  Roach  
  172  11:57  Roach x12  
Show
View Real Time Build Order
Export as new Build Order

SortOf Zerg 

Build Orders: Hatch First 

Get SALT Encoding   

  12  0:00  Drone  
  13  0:12  Overlord  
  13  0:17  Drone  
  14  0:31  Drone x2  
  16  0:48  Hatchery  
  15  0:51  Drone  
  15  0:55  Drone  
  17  0:59  Drone  
  18  1:09  Extractor  
  17  1:14  Spawning Pool  
  17  1:17  Drone  
  17  1:20  Drone  
  18  1:29  Drone  
  19  1:38  Drone  
  20  1:50  Overlord  
  20  2:00  Queen  
  20  2:01  Queen  
  22  2:02  Zergling x2  
  22  2:03  Drone  
  26  2:09  Metabolic Boost  
  26  2:12  Drone  
  26  2:13  Drone  
  28  2:22  Drone  
  29  2:24  Drone  
  30  2:34  Zergling x4  
  32  2:45  Overlord  
  32  2:46  Hatchery  
  31  2:52  Baneling Nest  
  31  2:54  Zergling x2  
  31  2:55  Drone  
  31  2:58  Drone  
  32  3:09  Drone x2  
  32  3:13  Drone x2  
  32  3:18  Queen  
  32  3:19  Zergling x4  
  38  3:24  Zergling x4  
  40  3:28  Overlord  
  40  3:34  Queen  
  40  3:36  Baneling x2  
  42  3:46  Zergling x4  
  42  3:48  Baneling x2  
  44  3:49  Overlord  
  44  4:01  Zergling x14  
  46  4:10  Drone x3  
  49  4:21  Drone x2  
  51  4:30  Evolution Chamber  
  51  4:31  Baneling x3  
  49  4:32  Drone x2  
  49  4:37  Zergling x6  
  49  4:38  Hatchery  
  53  4:41  Drone  
  53  4:44  Drone x3  
  53  4:45  Extractor, Drone  
  55  4:53  Drone x2  
  55  4:57  Zergling x2  
  56  5:00  Baneling x2  
  56  5:04  Drone x3, Roach Warren  
  56  5:08  Drone  
  56  5:13  Extractor  
  55  5:15  Overlord  
  55  5:16  Zergling x8  
  55  5:19  Baneling x2  
  55  5:21  Overlord  
  59  5:27  Overlord  
  59  5:28  Baneling x2  
  59  5:39  Baneling x2  
  59  5:40  Zergling x2  
  59  5:45  Zergling x6  
  59  5:48  Zergling x4  
  49  5:53  Drone x3  
  52  6:01  Drone x2  
  54  6:09  Drone  
  55  6:12  Drone  
  55  6:16  Zerg Missile Weapons Level 1  
  56  6:23  Drone x2  
  56  6:27  Drone  
  56  6:29  Drone x2  
  55  6:33  Drone x2  
  55  6:37  Drone x3  
  55  6:41  Drone x4  
  55  6:42  Drone x2  
  63  6:49  Lair  
  63  6:50  Roach x2  
  63  6:54  Roach  
  67  6:57  Roach  
  67  6:58  Roach x3  
  67  6:59  Drone, Roach  
  67  7:00  Roach  
  80  7:03  Roach  
  80  7:06  Roach  
  84  7:11  Roach  
  84  7:14  Overlord  
  85  7:16  Roach x2  
  85  7:18  Overlord  
  89  7:23  Overlord  
  89  7:26  Overlord  
  89  7:27  Overlord  
  89  7:29  Overlord  
  89  7:33  Drone x6  
  89  7:36  Extractor  
  94  7:40  Evolution Chamber  
  94  7:41  Roach x2  
  97  7:50  Drone x3  
  100  7:53  Glial Reconstitution  
  100  7:54  Overseer  
  100  7:55  Overlord  
  100  7:56  Roach x5  
  110  7:59  Drone x3  
  110  8:01  Drone  
  110  8:04  Extractor  
  113  8:06  Overlord  
  113  8:07  Roach  
  113  8:12  Roach  
  117  8:17  Overlord, Roach  
  119  8:24  Roach x6  
  131  8:29  Hatchery  
  131  8:33  Zerg Missile Weapons Level 2  
  130  8:43  Overseer  
  130  8:47  Roach x7  
  144  8:50  Overseer  
  144  8:56  Extractor  
  144  8:58  Roach x4  
  144  9:02  Roach x2  
  155  9:09  Roach x3  
  161  9:10  Overlord x2  
  161  9:14  Ravager  
  162  9:23  Overlord  
  162  9:25  Zerg Ground Armor Level 1  
  162  9:27  Overlord  
  162  9:30  Roach x5  
  172  9:36  Roach x3  
  164  9:54  Roach  
  164  9:55  Roach x10  
  164  9:58  Roach  
  156  10:03  Roach x3  
  156  10:06  Roach  
  136  10:09  Roach  
  136  10:13  Roach  
  120  10:14  Queen  
  120  10:18  Roach x2  
  126  10:23  Roach x3  
  126  10:27  Roach x3  
  126  10:35  Roach x3  
  132  10:38  Roach x2  
  132  10:40  Queen  
  132  10:42  Ravager x3  
  141  10:43  Ravager  
  141  10:46  Roach  
  144  10:50  Roach x3  
  150  10:58  Roach x3  
  150  11:03  Ravager  
  157  11:04  Queen  
  157  11:08  Roach x4  
  157  11:10  Ravager  
  168  11:17  Roach x3  
  174  11:22  Baneling Nest  
  167  11:27  Roach x5  
  167  11:28  Overlord  
  175  11:39  Roach x4  
  183  11:42  Overlord  
  183  11:43  Overlord  
  181  11:49  Unknown  
  161  11:55  Roach x2  
  161  11:56  Roach x3  
Tags
 
Add a new tag
Caveats
  • Supply blocks, unpowered buildings, or Contaminate may cause inaccurate times.
  • Supply counts are checked every 10 seconds.